Map: Deathaura LE

Players

BEASTMODE - Winner!

  • Race: Terran Terran
  • Spawn Location: 5:00

Reach

  • Race: Protoss Protoss
  • League: Diamond
  • Spawn Location: 11:00

VOD

Have the link to the VOD?

Description

Time

  • Played on: Aug. 5, 2020, 4:19 a.m.
  • Length: 23:48
Show
View Real Time Build Order
Export as new Build Order

BEASTMODE Terran - Winner!

Build Orders:  

Get SALT Encoding   

  12  0:02  SCV  
  13  0:14  SCV  
  14  0:26  SCV  
  14  0:27  Supply Depot  
  15  0:49  SCV  
  16  0:56  Barracks  
  16  0:58  Barracks  
  16  1:01  SCV  
  17  1:06  Refinery  
  17  1:13  SCV  
  18  1:25  SCV  
  19  1:37  SCV  
  20  1:44  Supply Depot  
  20  1:49  SCV  
  20  1:50  Reaper  
  22  2:04  SCV  
  23  2:09  Bunker  
  23  2:12  Marine  
  24  2:17  SCV  
  24  2:22  Refinery  
  25  2:30  Marine  
  26  2:42  Bunker  
  26  2:43  Command Center  
  26  2:47  Marine  
  26  2:51  Supply Depot  
  27  3:05  Marine  
  27  3:11  SCV  
  29  3:16  Bunker  
  29  3:23  SCV, Marine  
  31  3:36  Supply Depot  
  31  3:41  Marine, Engineering Bay  
  31  3:44  Factory  
  32  3:59  Marine  
  33  4:04  SCV  
  33  4:08  Ghost Academy  
  34  4:11  Marine  
  34  4:16  Planetary Fortress  
  35  4:17  Missile Turret  
  35  4:28  SCV, Marine  
  37  4:40  SCV  
  37  4:45  Factory Tech Lab  
  38  4:46  Marine, Missile Turret x2  
  39  4:55  Supply Depot  
  39  5:02  SCV  
  39  5:04  Barracks  
  40  5:19  Planetary Fortress  
  40  5:23  Missile Turret  
  40  5:26  Personal Cloaking  
  38  5:37  Siege Tank  
  38  5:41  Barracks Tech Lab  
  35  5:56  SCV  
  36  6:09  Siege Tank  
  33  6:46  Ghost  
  35  6:52  Nuke  
  35  6:56  Command Center  
  35  7:05  Command Center  
  35  7:11  Ghost Academy  
  35  7:12  Supply Depot  
  35  7:15  Supply Depot  
  35  7:27  Siege Tank  
  38  7:39  Ghost  
  40  7:46  SCV  
  41  8:20  Siege Tank  
  41  8:21  Nuke x2  
  42  8:52  Siege Tank  
  45  9:29  Ghost  
  45  9:30  Nuke  
  45  9:44  Planetary Fortress  
  45  10:25  Missile Turret  
  45  10:27  Refinery  
  45  10:28  SCV  
  46  10:30  Refinery  
  46  10:32  Ghost  
  48  10:40  SCV x2  
  50  10:44  Planetary Fortress  
  50  10:52  SCV x2  
  52  11:03  Factory  
  53  11:04  SCV  
  53  11:16  SCV  
  54  11:28  SCV  
  53  11:34  Nuke x2  
  53  11:38  Ghost  
  55  11:42  SCV  
  55  11:44  SCV  
  57  11:48  Widow Mine, Factory  
  57  11:51  Widow Mine  
  61  11:54  SCV  
  61  11:56  SCV  
  63  12:03  Armory  
  63  12:06  SCV  
  65  12:08  SCV  
  65  12:10  Widow Mine  
  65  12:13  Widow Mine  
  69  12:18  SCV  
  69  12:20  SCV  
  71  12:31  Widow Mine  
  71  12:32  SCV  
  74  12:38  Widow Mine x2  
  76  12:44  Ghost  
  78  12:53  SCV, Widow Mine  
  81  12:59  Widow Mine x2  
  81  13:00  Supply Depot  
  81  13:02  Supply Depot  
  81  13:03  Nuke x2  
  85  13:14  Widow Mine, Drilling Claws  
  87  13:20  Widow Mine  
  87  13:21  Widow Mine  
  91  13:35  Widow Mine, Ghost  
  93  14:11  Nuke  
  93  14:12  Nuke  
  93  14:13  SCV  
  94  14:18  Factory Tech Lab  
  94  14:19  Factory Tech Lab  
  94  14:20  SCV  
  94  14:23  Refinery  
  95  14:25  SCV, Refinery  
  96  14:33  SCV  
  96  14:38  Thor  
  103  14:42  Missile Turret  
  103  14:45  SCV  
  88  15:10  Thor  
  88  15:11  Thor  
  100  15:20  SCV, Thor  
  107  15:32  SCV  
  106  15:44  SCV, Nuke x2  
  106  15:46  Ghost  
  109  15:56  SCV  
  116  16:01  Supply Depot x2  
  116  16:07  Supply Depot  
  116  16:08  SCV, Supply Depot  
  116  16:10  Command Center  
  117  16:22  SCV, Ghost  
  117  16:23  Thor  
  117  16:24  Supply Depot  
  126  16:35  SCV  
  127  16:50  Ghost, Thor  
  129  17:02  Thor  
  129  17:05  SCV  
  129  17:08  Command Center  
  136  17:11  Nuke x2  
  136  17:17  SCV  
  137  17:29  SCV  
  136  17:30  Thor  
  136  17:33  Thor  
  148  17:41  Factory  
  123  18:13  Thor  
  129  18:20  Nuke  
  129  18:26  Thor  
  133  18:51  Thor  
  139  18:56  SCV  
  139  18:58  Nuke  
  146  19:04  Thor  
  146  19:07  Nuke  
  146  19:08  SCV x2  
  146  19:09  Thor  
  154  19:21  SCV  
  153  19:49  Thor  
  153  19:52  Thor  
  165  20:21  Nuke  
  165  20:22  Nuke  
  165  20:27  Planetary Fortress  
  163  20:34  Thor  
  157  20:58  Ghost  
  160  21:04  SCV  
  160  21:06  SCV  
  160  21:08  Refinery x2  
  161  21:14  Widow Mine  
  161  21:16  SCV  
  161  21:18  SCV, Widow Mine  
  167  21:36  Widow Mine  
  167  21:37  Ghost  
  171  22:01  Thor  
  171  22:02  Thor  
  173  22:44  Thor  
Show
View Real Time Build Order
Export as new Build Order

Reach Protoss 

Build Orders: Carriers 

Get SALT Encoding   

  12  0:00  Probe  
  13  0:12  Probe  
  14  0:26  Pylon  
  14  0:28  Probe  
  15  0:44  Probe  
  15  0:49  Gateway  
  16  0:55  Assimilator  
  16  0:57  Probe  
  17  1:09  Probe (Chrono Boost)  
  18  1:13  Assimilator  
  18  1:21  Probe (Chrono Boost)  
  19  1:28  Probe (Chrono Boost)  
  20  1:35  Probe  
  20  1:36  Cybernetics Core  
  21  1:47  Nexus  
  21  1:59  Pylon  
  21  2:01  Probe  
  22  2:13  Probe  
  23  2:18  Adept (Chrono Boost)  
  23  2:19  Warp Gate  
  25  2:24  Gateway  
  25  2:27  Pylon  
  25  2:33  Probe  
  26  2:45  Probe  
  26  2:46  Stalker  
  29  2:57  Probe  
  30  3:09  Robotics Facility  
  30  3:12  Probe  
  29  3:15  Stalker (Chrono Boost)  
  29  3:17  Stalker (Chrono Boost)  
  30  3:31  Shield Battery  
  30  3:38  Shield Battery  
  30  3:42  Stalker  
  30  3:47  Sentry  
  34  3:53  Probe  
  35  4:05  Immortal (Chrono Boost)  
  39  4:12  Pylon  
  39  4:34  Pylon  
  39  4:37  Immortal  
  43  4:41  Stalker  
  45  4:58  Pylon  
  45  4:59  Stalker  
  47  5:05  Stalker  
  49  5:12  Pylon  
  49  5:22  Stalker  
  51  5:34  Stalker  
  53  5:51  Nexus  
  53  5:54  Stalker  
  35  6:34  Immortal (Chrono Boost)  
  35  6:44  Stalker x2  
  35  6:47  Probe  
  40  6:54  Shield Battery  
  40  6:59  Probe  
  41  7:05  Probe  
  41  7:06  Immortal  
  46  7:10  Sentry  
  46  7:11  Probe  
  49  7:18  Probe  
  50  7:23  Probe  
  50  7:28  Pylon  
  51  7:30  Probe  
  51  7:31  Sentry, Assimilator  
  51  7:34  Stalker  
  56  7:39  Probe  
  56  7:42  Probe  
  58  7:50  Pylon  
  58  7:51  Probe  
  58  7:54  Probe  
  58  7:56  Stalker  
  62  8:20  Observer (Chrono Boost)  
  55  8:41  Warp Prism (Chrono Boost)  
  53  8:51  Probe x2  
  53  8:54  Shield Battery  
  55  8:58  Forge  
  55  9:07  Nexus  
  53  9:24  Observer (Chrono Boost), Forge  
  53  9:27  Probe  
  54  9:39  Observer  
  54  9:43  Forge  
  55  9:48  Probe x2  
  57  9:59  Assimilator  
  57  10:00  Probe  
  57  10:02  Pylon  
  57  10:05  Pylon  
  58  10:22  Stargate  
  58  10:27  Probe, Photon Cannon  
  59  10:29  Photon Cannon  
  59  10:30  Photon Cannon  
  59  10:34  Pylon  
  59  10:37  Robotics Bay  
  59  10:39  Probe  
  60  10:52  Probe x2  
  62  10:58  Photon Cannon  
  62  11:00  Probe, Pylon  
  63  11:12  Fleet Beacon  
  63  11:13  Probe  
  64  11:32  Probe x2  
  64  11:39  Gravitic Boosters (Chrono Boost)  
  64  11:44  Protoss Ground Weapons Level 1  
  64  11:47  Probe x2 (Chrono Boost)  
  66  11:48  Pylon  
  66  11:50  Pylon  
  66  11:51  Probe (Chrono Boost)  
  67  11:59  Probe x2 (Chrono Boost)  
  69  12:04  Probe (Chrono Boost)  
  69  12:05  Probe x2 (Chrono Boost)  
  72  12:09  Assimilator  
  72  12:11  Assimilator  
  72  12:16  Photon Cannon  
  72  12:19  Photon Cannon  
  72  12:25  Probe  
  72  12:29  Tempest (Chrono Boost)  
  73  12:35  Nexus  
  78  12:43  Probe x2  
  64  12:46  Photon Cannon  
  64  12:58  Pylon  
  64  13:02  Tempest (Chrono Boost)  
  64  13:03  Probe (Chrono Boost)  
  64  13:04  Probe (Chrono Boost)  
  66  13:06  Probe (Chrono Boost)  
  72  13:15  Probe x2 (Chrono Boost)  
  72  13:16  Probe (Chrono Boost)  
  75  13:26  Stargate  
  75  13:27  Probe  
  76  13:35  Probe (Chrono Boost), Protoss Air Weapons Level 1  
  76  13:37  Probe (Chrono Boost)  
  76  13:40  Probe (Chrono Boost)  
  79  13:47  Probe (Chrono Boost)  
  86  13:48  Tempest (Chrono Boost)  
  86  13:49  Probe (Chrono Boost)  
  86  13:51  Probe (Chrono Boost)  
  86  13:53  Probe (Chrono Boost)  
  86  13:54  Probe x2 (Chrono Boost)  
  90  14:09  Carrier (Chrono Boost)  
  88  14:16  Probe  
  94  14:20  Photon Cannon  
  94  14:21  Shield Battery  
  94  14:23  Probe  
  95  14:37  Twilight Council  
  100  14:58  Tempest (Chrono Boost)  
  84  15:04  Probe (Chrono Boost)  
  84  15:05  Probe (Chrono Boost)  
  86  15:12  Stargate  
  86  15:13  Probe (Chrono Boost)  
  86  15:14  Stargate  
  88  15:16  Probe (Chrono Boost)  
  88  15:17  Probe (Chrono Boost)  
  88  15:18  Probe (Chrono Boost)  
  90  15:23  Probe (Chrono Boost)  
  88  15:29  Carrier (Chrono Boost)  
  92  15:45  Carrier (Chrono Boost)  
  92  15:46  Probe x2  
  94  15:56  Probe  
  95  15:58  Stargate  
  95  16:02  Probe x2  
  95  16:03  Probe  
  98  16:08  Pylon  
  98  16:10  Observer, Protoss Air Weapons Level 2 (Chrono Boost)  
  99  16:12  Probe, Pylon  
  99  16:14  Probe  
  101  16:18  Photon Cannon  
  101  16:21  Photon Cannon  
  101  16:24  Pylon  
  105  16:31  Probe x3, Void Ray (Chrono Boost)  
  105  16:32  Observer  
  109  16:34  Assimilator  
  109  16:37  Assimilator  
  109  16:40  Photon Cannon  
  109  16:41  Void Ray (Chrono Boost)  
  109  16:44  Photon Cannon  
  113  16:53  Observer  
  114  16:55  Carrier (Chrono Boost)  
  119  17:05  Probe x2  
  121  17:19  Pylon  
  127  17:26  Carrier (Chrono Boost)  
  127  17:27  Colossus  
  133  17:42  Probe x3  
  136  17:47  Photon Cannon, Carrier (Chrono Boost)  
  136  17:49  Photon Cannon  
  121  17:54  Pylon  
  92  18:21  Probe x2, Colossus  
  92  18:24  Tempest (Chrono Boost)  
  92  18:25  Photon Cannon  
  100  18:28  Probe x2 (Chrono Boost), Photon Cannon  
  87  18:34  Probe (Chrono Boost)  
  87  18:37  Probe (Chrono Boost)  
  90  18:45  Probe (Chrono Boost)  
  90  18:46  Probe (Chrono Boost)  
  91  18:49  Probe (Chrono Boost)  
  69  19:02  Protoss Air Weapons Level 3  
  69  19:04  Probe x2  
  71  19:21  Probe (Chrono Boost)  
  70  19:25  Probe (Chrono Boost)  
  70  19:26  Probe (Chrono Boost)  
  69  19:34  Observer  
  69  19:37  Observer  
  67  19:43  Probe x2  
  69  19:55  Observer  
  69  20:08  Probe x2  
  69  20:11  Probe x2  
  73  20:20  Probe x2  
  75  20:29  Probe x2  
  75  20:32  Probe  
  78  20:38  Photon Cannon  
  78  20:41  Pylon  
  78  20:42  Probe  
  79  20:46  Observer  
  68  20:50  Tempest (Chrono Boost)  
  50  21:02  Tempest (Chrono Boost)  
  60  21:26  Tempest (Chrono Boost)  
  60  21:30  Photon Cannon  
  60  21:35  Photon Cannon  
  60  21:42  Tempest (Chrono Boost)  
  60  21:43  Assimilator  
  70  21:57  Tempest (Chrono Boost)  
  75  22:13  Tempest (Chrono Boost)  
  75  22:16  Zealot  
  75  22:17  Zealot  
  79  22:28  Tempest (Chrono Boost)  
  60  22:43  Zealot x2  
  47  23:13  Zealot x2  
Tags
 
Composition
Carriers
League
Diamond
Matchup
PvT
Spawn Locations
Cross Positions
Add a new tag
Caveats
  • Supply blocks, unpowered buildings, or Contaminate may cause inaccurate times.
  • Supply counts are checked every 10 seconds.